 Dungeon Sprint DCSS version 0.17-a0-1691-g18a3847 (webtiles) character file.

2643 Kidiri the Covert (level 9, 0/42 HPs)
             Began as a Spriggan Enchanter on Aug 20, 2015.
             Was an Elder of Dithmenos.
             Succumbed to a trapdoor spider's poison
             ... in the Dungeon (Sprint III: "The Ten Rune Challenge").
             The game lasted 00:05:51 (975 turns).

Kidiri the Covert (Spriggan Enchanter)               Turns: 975, Time: 00:05:51

Health: 0/42       AC:  4    Str:  4      XL:     9   Next: 35%
Magic:  18/24      EV: 29    Int: 16 (18) God:    Dithmenos [****..]
Gold:   32         SH:  0    Dex: 18      Spells: 9 memorised, 3 levels left

rFire  . . .     SeeInvis +     a - +1 dagger
rCold  . . .     Clarity  .     b - +1 robe
rNeg   . . .     SustAt   .     (shield restricted)
rPois  .         Gourm    .     (helmet restricted)
rElec  .         Spirit   .     e - +1 cloak
rCorr  .         Warding  .     (gloves unavailable)
rMut   .         NoTele   +     (boots unavailable)
MR     +....                    (no amulet)
Stlth  +++++++++.               (no ring)
                                (no ring)

@: lethally poisoned (0 -> -11), wreathed by umbra, very quick, somewhat
resistant to hostile enchantments, incredibly stealthy
A: unfitting armour, see invisible, deformed body, herbivore 3, speed 3, robust
1, slow metabolism 2, MP-powered wands
a: Shadow Step, Renounce Religion


You were in the Dungeon.
You worshipped Dithmenos.
Dithmenos was greatly pleased with you.
You were not hungry.

You visited 1 branch You collected 32 gold pieces.

Inventory:

Hand weapons
 a - a +1 dagger (weapon)
Missiles
 k - 7 throwing nets (quivered)
Armour
 b - a +1 robe (worn)
 e - a +1 cloak (worn)
Scrolls
 j - a scroll of blinking
 l - 2 scrolls of torment
 p - a scroll of remove curse
Potions
 g - a potion of haste
 h - 2 potions of magic
 n - 3 potions of cure mutation
 o - a potion of lignification
 r - a potion of agility
 s - 2 potions of flight
Books
 c - a book of Burglary

   Spells                             Type                      Level
   a - Swiftness                      Charms/Air                   2
   b - Passwall                       Transmutation/Earth          3
   c - Passage of Golubria            Translocation                4
   d - Lee's Rapid Deconstruction     Earth                        5
   e - Darkness                       Hexes                        6
   f - Invisibility                   Hexes                        6
Comestibles
 d - 3 bread rations
 q - 2 royal jellies


   Skills:
 + Level 6.9 Short Blades
 * Level 12.7 Dodging
 * Level 13.8 Stealth
 * Level 10.9 Spellcasting
 + Level 4.2 Conjurations
 + Level 8.5 Hexes
 + Level 5.7 Charms
 + Level 5.5 Translocations
 + Level 5.2 Transmutations
 + Level 4.7 Ice Magic
 + Level 3.5 Air Magic
 + Level 3.5 Earth Magic
 - Level 2.0 Invocations


You had 3 spell levels left.
You knew the following spells:

 Your Spells              Type           Power        Failure   Level  Hunger
a - Corona                Hex            #####..      1%          1    None
b - Ensorcelled Hibernat  Hex/Ice        ####..       1%          2    None
c - Confuse               Hex            #####...     1%          3    None
d - Tukima's Dance        Hex            #####...     1%          3    None
e - Dazzling Spray        Conj/Hex       ####....     1%          3    None
f - Swiftness             Chrm/Air       ###.....     1%          2    None
g - Passwall              Trmt/Erth      ###.......   4%          3    None
h - Passage of Golubria   Tloc           N/A          12%         4    ###....
i - Lee's Rapid Deconstr  Erth           ###.......   63%         5    #####..


Dungeon Overview and Level Annotations

Branches:
Dungeon (1/1)

Altars:
Cheibriados
Dithmenos
Elyvilon
Fedhas
Gozag
Kikubaaqudgha
Makhleb
Nemelex Xobeh
Okawaru
Qazlal
Ru
Sif Muna
Trog
Vehumet
Xom
Yredelemnul
Zin
The Shining One
Jiyva
Lugonu


Innate Abilities, Weirdness & Mutations

You are tiny and cannot use many weapons and most armour.
You have supernaturally acute eyesight.
You are a herbivore.
You cover ground extremely quickly.
You need consume almost no food.
Armour fits poorly on your strangely shaped body.
You are robust (+10% HP).
You expend magic power (3 MP) to strengthen your wands.


Message History

* * * LOW HITPOINT WARNING * * *
You feel sick.
You see here 2 inedible chunks of flesh.
Drink which item? (? for menu, Esc to quit)
It was a potion of degeneration.
There was something very wrong with that liquid.
You feel dopey.
* * * LOW HITPOINT WARNING * * *
You feel sick.
* * * LOW HITPOINT WARNING * * *
You feel sick.
* * * LOW HITPOINT WARNING * * *
You feel sick.
* * * LOW HITPOINT WARNING * * *
You feel sick.
* * * LOW HITPOINT WARNING * * *
You feel sick.
* * * LOW HITPOINT WARNING * * *
You feel sick.
You die...

## .# .# '#
.#+#####################
.#....#.#.#)....#......+
.##.#.)#.##.###.#.....^#
.'##.#.#)##.#).##......#
.#...#..#..##.)'@......#
▓▓▓▓▓▓▓▓▓▓▓▓▓▓▓#.......#
#.......# +.......#
#.......# ##+######


There were no monsters in sight!

Vanquished Creatures
  Erolcha (D)
  A deep elf priest (D)
  2 trapdoor spiders (D)
  A redback (D)
  A shadow (D)
  2 hill giants (D)
  A spatial vortex (D)
  A necrophage (D)
  3 two-headed ogres (D)
  A water elemental (D)
  A jelly (D)
  Crazy Yiuf (D)
  A wizard (D)
  A necromancer (D)
  3 humans (D)
  A kobold demonologist (D)
  2 oozes (D)
  2 rats (D)
26 creatures vanquished.

Vanquished Creatures (others)
  2 draconian scorchers (D)
  2 yaktaurs (D)
4 creatures vanquished.

Grand Total: 30 creatures vanquished

Notes
Turn   | Place    | Note
--------------------------------------------------------------
     0 | D        | Kidiri the Spriggan Enchanter began the quest for the Orb.
     0 | D        | Reached XP level 1. HP: 9/9 MP: 5/5
    20 | D        | Reached skill level 5 in Stealth
    20 | D        | Killed a yaktaur
    23 | D        | Reached XP level 2. HP: 13/13 MP: 5/7
    27 | D        | Learned a level 2 spell: Ensorcelled Hibernation
    97 | D        | Noticed Crazy Yiuf
   160 | D        | Reached skill level 5 in Dodging
   160 | D        | Reached skill level 6 in Stealth
   160 | D        | Reached XP level 3. HP: 16/16 MP: 1/9
   165 | D        | Learned a level 3 spell: Confuse
   169 | D        | Learned a level 3 spell: Tukima's Dance
   235 | D        | Killed a white draconian scorcher
   301 | D        | Killed a white draconian scorcher
   353 | D        | Killed Crazy Yiuf
   353 | D        | Reached skill level 7 in Stealth
   353 | D        | Reached skill level 5 in Spellcasting
   353 | D        | Reached skill level 1 in Ice Magic
   362 | D        | Learned a level 3 spell: Dazzling Spray
   386 | D        | Gained mutation: Your body sometimes deteriorates upon taking damage. [potion of mutation]
   386 | D        | Lost mutation: Your body sometimes deteriorates upon taking damage. [potion of mutation]
   387 | D        | Gained mutation: You are robust (+10% HP). [potion of mutation]
   387 | D        | Gained mutation: Armour fits poorly on your strangely shaped body. [potion of mutation]
   387 | D        | Gained mutation: You expend magic power (3 MP) to strengthen your wands. [potion of mutation]
   410 | D        | Noticed a water elemental
   413 | D        | Killed a water elemental
   413 | D        | Reached skill level 8 in Stealth
   413 | D        | Reached skill level 1 in Conjurations
   413 | D        | Reached skill level 5 in Hexes
   413 | D        | Reached XP level 4. HP: 23/23 MP: 10/12
   423 | D        | Noticed a jelly
   424 | D        | Noticed a shadow
   444 | D        | Killed a jelly
   444 | D        | Reached XP level 5. HP: 26/26 MP: 10/14
   452 | D        | Found a stormy altar of Qazlal.
   457 | D        | Found a sacrificial altar of Ru.
   457 | D        | Found a burning altar of Makhleb.
   457 | D        | Found a viscous altar of Jiyva.
   457 | D        | Found a shimmering altar of Xom.
   457 | D        | Found a shadowy altar of Dithmenos.
   457 | D        | Found a sparkling altar of Nemelex Xobeh.
   457 | D        | Found a corrupted altar of Lugonu.
   457 | D        | Found an opulent altar of Gozag.
   457 | D        | Noticed a spatial vortex
   460 | D        | Killed a spatial vortex
   460 | D        | Reached skill level 9 in Stealth
   469 | D        | Killed a shadow
   469 | D        | Reached skill level 5 in Short Blades
   469 | D        | Reached skill level 10 in Stealth
   469 | D        | Reached XP level 6. HP: 30/30 MP: 10/18
   476 | D        | Became a worshipper of Dithmenos the Shadowed
   531 | D        | Found a radiant altar of Vehumet.
   532 | D        | Found a deep blue altar of Sif Muna.
   532 | D        | Found an ancient bone altar of Kikubaaqudgha.
   532 | D        | Noticed a wizard
   533 | D        | Killed a wizard
   535 | D        | Reached skill level 11 in Stealth
   546 | D        | Learned a level 2 spell: Swiftness
   550 | D        | Learned a level 3 spell: Passwall
   555 | D        | Learned a level 4 spell: Passage of Golubria
   562 | D        | Found a glowing silver altar of Zin.
   563 | D        | Found a glowing golden altar of the Shining One.
   563 | D        | Found a white marble altar of Elyvilon.
   563 | D        | Noticed a deep elf priest
   565 | D        | Killed a deep elf priest
   565 | D        | Reached skill level 10 in Dodging
   565 | D        | Reached skill level 1 in Transmutations
   565 | D        | Reached skill level 1 in Air Magic
   565 | D        | Reached skill level 1 in Earth Magic
   565 | D        | Reached skill level 1 in Invocations
   565 | D        | Reached XP level 7. HP: 35/35 MP: 20/20
   576 | D        | Found an iron altar of Okawaru.
   576 | D        | Found a bloodstained altar of Trog.
   576 | D        | Noticed a human
   577 | D        | Noticed a human
   587 | D        | Killed a human
   593 | D        | Killed a human
   593 | D        | Acquired Dithmenos's first power
   593 | D        | Reached skill level 12 in Stealth
   695 | D        | Found a snail-covered altar of Cheibriados.
   695 | D        | Noticed a necrophage
   696 | D        | Found a basalt altar of Yredelemnul.
   696 | D        | Found a blossoming altar of Fedhas.
   696 | D        | Noticed a necromancer
   697 | D        | Killed a necrophage
   697 | D        | Reached XP level 8. HP: 39/39 MP: 22/22
   698 | D        | Killed a necromancer
   720 | D        | Learned a level 5 spell: Lee's Rapid Deconstruction
   762 | D        | Noticed a two-headed ogre
   762 | D        | Noticed a two-headed ogre
   769 | D        | Killed a two-headed ogre
   771 | D        | Killed a two-headed ogre
   771 | D        | Acquired Dithmenos's second power
   775 | D        | Noticed a two-headed ogre
   782 | D        | Killed a two-headed ogre
   783 | D        | Killed a yaktaur
   864 | D        | Noticed a hill giant
   867 | D        | Killed a hill giant
   873 | D        | Noticed a hill giant
   873 | D        | Noticed Erolcha
   875 | D        | Killed Erolcha
   875 | D        | Reached skill level 13 in Stealth
   875 | D        | Reached skill level 10 in Spellcasting
   875 | D        | Reached skill level 5 in Charms
   875 | D        | Reached XP level 9. HP: 42/42 MP: 22/24
   876 | D        | Killed a hill giant
   876 | D        | Acquired Dithmenos's third power
   876 | D        | Reached skill level 5 in Translocations
   888 | D        | Noticed a redback
   890 | D        | Noticed a trapdoor spider
   891 | D        | Killed a trapdoor spider
   906 | D        | Killed a redback
   906 | D        | Reached skill level 5 in Transmutations
   954 | D        | Noticed a trapdoor spider
   966 | D        | Killed a trapdoor spider
   973 | D        | HP: 2/42 [poisoned by a trapdoor spider]
   975 | D        | Succumbed to a trapdoor spider's poison

Vault maps used:
D:        dungeon_sprint_mu

Action                   |  1- 3 |  4- 6 |  7- 9 || total
-------------------------+-------+-------+-------++-------
Melee: Dagger            |    25 |    11 |    22 ||    58
 Cast: Ensorcelled Hiber |     6 |     1 |    18 ||    25
       Dazzling Spray    |       |     1 |     2 ||     3
       Confuse           |       |       |     1 ||     1
  Use: Potion            |     3 |     1 |     2 ||     6
       Scroll            |     4 |       |       ||     4
 Stab: Sleeping          |     5 |     5 |    12 ||    22
       Confused          |       |       |     1 ||     1
       Invisible         |       |       |     1 ||     1
